 Dungeon Crawl Stone Soup version 0.26-a0-40-gfe7b5d5a6f (webtiles) character file.

Game seed: 1462835832941358821, levelgen mode: deterministic

256 Aksej the Slasher (level 5, 0/46 HPs)
             Began as a Minotaur Gladiator on May 31, 2020.
             Slain by an iguana (11 damage)
             ... on level 4 of the Dungeon.
             The game lasted 00:07:57 (2866 turns).

Aksej the Slasher (Minotaur Gladiator)              Turns: 2866, Time: 00:07:58

Health: 0/46       AC:  5    Str: 20    XL:     5   Next: 92%
Magic:  3/3        EV: 14    Int:  5    God:
Gold:   215        SH:  0    Dex: 13    Spells: 4/4 levels left

rFire    . . .     SeeInvis +   a - +1 long sword
rCold    . . .     Gourm    .   (no shield)
rNeg     . . .     Faith    .   b - +0 leather armour
rPois    .         Spirit   .   (helmet unavailable)
rElec    .         Reflect  .   e - +0 cloak (curse)
rCorr    .         Harm     .   (no gloves)
MR       +....                  q - +0 pair of boots
Stlth    +.........             (no amulet)
HPRegen  0.15/turn              o - ring of see invisible
MPRegen  0.08/turn              (no ring)

@: no status effects
A: retaliatory headbutt, horns 3, low mp 1, magic resistance 1, strong 1
a: no special abilities


You were on level 4 of the Dungeon.
You were not hungry.

You visited 1 branch of the dungeon, and saw 5 of its levels.

You collected 215 gold pieces.

Inventory:

Hand Weapons
 a - a +1 long sword (weapon)
Missiles
 d - 3 throwing nets (quivered)
Armour
 b - a +0 leather armour (worn)
 c - a +0 hat
 e - a cursed +0 cloak (worn)
 q - a +0 pair of boots (worn)
Jewellery
 o - a ring of see invisible (left hand)
Scrolls
 h - a scroll of remove curse
 p - 2 scrolls of teleportation
 r - 2 scrolls of blinking
Potions
 j - a potion of stabbing
 l - a potion of resistance
 n - a potion of curing
Comestibles
 f - 3 rations
 g - 4 chunks of flesh


   Skills:
 * Level 4.0 Fighting
 + Level 5.8 Long Blades
 + Level 2.3 Throwing
 + Level 2.3 Armour
 + Level 4.3 Dodging


You had 4 spell levels left.
You didn't know any spells.
Your spell library was empty.

Dungeon Overview and Level Annotations

Branches:
Dungeon (5/15)
 Temple: D:4-7

Altars:
The Shining One


Innate Abilities, Weirdness & Mutations

You reflexively headbutt those who attack you in melee.
You have a pair of large horns on your head.
Your magical capacity is low. (-10% MP)
You are resistant to hostile enchantments. (MR+)
Your muscles are strong. (Str +2)


Message History

The iguana moves out of view.
You hit the orc. Your headbutt misses the orc.
The orc is lightly wounded.
The phantom hits you but does no damage.
The orc barely misses you. You furiously retaliate!
You headbutt the orc!
You kill the orc!
The phantom hits you!
You barely miss the phantom. The phantom hits you.
* * * LOW HITPOINT WARNING * * *
You slash the phantom! Your headbutt misses the phantom.
The phantom is lightly damaged.
The phantom completely misses you.
You miss the phantom.
The phantom is lightly damaged.
The phantom hits you.
* * * LOW HITPOINT WARNING * * *
You hit the iguana but do no damage.
You headbutt the iguana, but do no damage.
The phantom barely misses you. The iguana bites you!
You die...

#... .. ....
....# ..# .:..
..... ...
.....#...###.#
.....#.#.....#
.......#.... ..
..........##....
.....#..>†......
.
......l@)..>....
..
...###.)W.......
... #.......#..
..... ........#
. .o...
........## .....
.........# ....%
..#...$....
.....
.#.#....####.
#... ##...


You could see a phantom and an iguana.

Vanquished Creatures
  2 iguanas (D:4)
  A worker ant (D:4)
  A gnoll (D:1)
  6 adders
  2 worms (D:3)
  3 dart slugs
  5 leopard geckos
  11 orcs
  3 giant cockroaches
  6 hobgoblins
  10 jackals
  7 kobolds
  A ball python (D:1)
  16 bats
  3 frilled lizards
  8 goblins
  8 rats
93 creatures vanquished.

Notes
Turn   | Place    | Note
-------+----------+-------------------------------------------
     0 | D:1      | Aksej the Minotaur Gladiator began the quest for the Orb.
     0 | D:1      | Reached XP level 1. HP: 18/18 MP: 0/0
   192 | D:1      | Reached XP level 2. HP: 20/25 MP: 1/1
   201 | D:1      | Reached skill level 4 in Long Blades
   459 | D:1      | Reached XP level 3. HP: 21/30 MP: 2/2
  1337 | D:2      | Reached skill level 1 in Armour
  1395 | D:2      | Reached XP level 4. HP: 27/37 MP: 3/3
  2046 | D:3      | Found a glowing golden altar of the Shining One.
  2072 | D:3      | Reached skill level 5 in Long Blades
  2274 | D:3      | Reached XP level 5. HP: 36/45 MP: 4/4
  2756 | D:3      | Gained mutation: Your magical capacity is low. (-10% MP)
                  | [potion of mutation]
  2756 | D:3      | Gained mutation: Your muscles are strong. (Str +2) [potion
                  | of mutation]
  2756 | D:3      | Gained mutation: You have a pair of large horns on your
                  | head. [potion of mutation]
  2756 | D:3      | Gained mutation: You are resistant to hostile enchantments.
                  | (MR+) [potion of mutation]
  2844 | D:5      | Entered Level 5 of the Dungeon
  2852 | D:4      | Noticed a phantom
  2866 | D:4      | Slain by an iguana

Illustrated notes

Levels and vault maps discovered:
D:1:      psy_arrival_fountain, layout_basic, serial_forest,
          infiniplex_forest_lined_room_, infiniplex_forest_lined_room_2,
          infiniplex_forest_straight_1, infiniplex_forest_corner_1,
          infiniplex_forest_straight_3, hangedman_decor_diamond_cutter
D:2:      layout_basic
D:3:      layout_loops_cross, overflow_temple_1_default,
          minmay_misc_feat_diagonals
D:4:      layout_cave_pools, kennysheep_mini, serial_shops, nicolae_shop_trees,
          dk_rats_in_the_wall
D:5:      layout_loops_ring, gammafunk_temple_overflow_elements,
          minmay_temple_entry_from_below_b, first_ration

Skill      XL: |  1  2  3  4  5 |
---------------+----------------+-----
Long Blades    | 4 5 |  5.8
Armour         | 1 2 |  2.3
Dodging        | 4 |  4.3
Fighting       | 3 4 |  4.0
Throwing       | |  2.3

Action                   |  1- 3 |  4- 6 || total
-------------------------+-------+-------++-------
Melee: Long sword        |    72 |    98 ||   170
       Headbutt          |    12 |    23 ||    35
  Use: Scroll            |     6 |     5 ||    11
       Potion            |       |     3 ||     3
  Eat: Chunk             |     2 |     4 ||     6
Armor: Leather armour    |    27 |    39 ||    66
Dodge: Dodged            |    48 |    73 ||   121
       Rpst.: Long sword |    13 |    13 ||    26

Table legend:
 A = Non-vault XP
 B = Vault XP
 C = Vault XP percentage of total XP
 D = Non-vault monster count
 E = Vault monster count
 F = Vault count percentage of total count
                 A         B        C        D         E       F
            +---------+---------+-------+---------+---------+-------
      Total |     366 |       0 |   0.0 |      93 |       0 |   0.0
            +---------+---------+-------+---------+---------+-------
        D:1 |      53 |       0 |   0.0 |      23 |       0 |   0.0
        D:2 |      96 |       0 |   0.0 |      29 |       0 |   0.0
        D:3 |     105 |       0 |   0.0 |      36 |       0 |   0.0
        D:4 |     112 |       0 |   0.0 |       5 |       0 |   0.0
            +---------+---------+-------+---------+---------+-------
